 Dungeon Crawl Stone Soup version 0.25.1-2-g60ff931df9 (webtiles) character file.

Game seed: 10595566287939862576

103134 Brecoman the Eclecticist (level 15, -3/127 HPs)
             Began as a Mummy Wizard on Oct 19, 2020.
             Was an Initiate of Gozag.
             Slain by a demonic crawler (7 damage)
             ... led by a torpor snail
             ... on level 2 of the Spider Nest on Nov 15, 2020.
             The game lasted 03:19:21 (57614 turns).

Brecoman the Eclecticist (Mummy Wizard)            Turns: 57614, Time: 03:19:22

Health: -3/127     AC: 14    Str: 14    XL:     15   Next: 88%
Magic:  17/45      EV: 10    Int: 20    God:    Gozag
Gold:   6229       SH:  0    Dex: 11    Spells: 14/48 levels left

rFire    . . .     SeeInvis .   e - +2 whip (venom)
rCold    + . .     Gourm    .   (no shield)
rNeg     + + +     Faith    .   F - quicksilver dragon scales
rPois    ∞         Spirit   .   d - +1 helmet
rElec    .         Reflect  .   R - scarf {repulsion}
rCorr    .         Harm     .   H - +1 pair of gloves
MR       ++...                  k - +0 pair of boots
Stlth    +.........             a - amulet of magic regeneration
HPRegen  0.31/turn              y - ring of protection from fire
MPRegen  0.54/turn              i - ring of magical power

@: about to teleport, marked, gold aura, stab, invisible, repel missiles
A: no food or potions, fire vulnerability, cold resistance 1, negative energy
resistance 3, torment resistance, unbreathing, in touch with death 1
a: Potion Petition, Call Merchant, Bribe Branch, Renounce Religion


You were on level 2 of the Spider Nest.
You worshipped Gozag.
Gozag was greatly pleased with you.
You were not hungry.

You visited 5 branches of the dungeon, and saw 26 of its levels.

You collected 11628 gold pieces.
You spent 880 gold pieces at shops.
You paid 4519 gold pieces to Gozag.

Inventory:

Hand Weapons
 e - a +2 whip of venom (weapon)
 g - a +2 broad axe of freezing
 o - a +1 dagger of protection
 p - a +2 falchion of venom
Missiles
 f - 682 stones (quivered)
 D - 3 throwing nets
Armour
 d - a +1 helmet (worn)
 k - a +0 pair of boots (worn)
 C - the +2 leather armour "Toroovet" {MP+9}
   (You found it on level 11 of the Dungeon)

   It affects your magic capacity (+9).
 F - quicksilver dragon scales (worn)
 H - a +1 pair of gloves (worn)
 R - a scarf of repulsion (worn)
Jewellery
 a - an amulet of magic regeneration (around neck)
 i - a ring of magical power (right hand)
 m - an uncursed ring of protection from cold
 r - an uncursed ring of wizardry
 v - the cursed ring "Reunocas" {rElec Str-4}
   (You took it off a meliai on level 11 of the Dungeon)

   [ring of strength]

   It affects your strength (-4).
   It insulates you from electricity.
   It has a curse placed upon it.
 y - a ring of protection from fire (left hand)
 I - the amulet of Toanap {Acrobat Int-5 Dex+8}
   (You found it on level 11 of the Dungeon)

   [amulet of the acrobat]

   It helps you evade while moving and waiting.
   It affects your intelligence (-5).
   It affects your dexterity (+8).
 K - an uncursed amulet of guardian spirit
 M - an uncursed ring of protection from magic
 O - an uncursed amulet of faith
Wands
 b - a wand of acid (21)
 n - a wand of polymorph (19)
 q - a wand of random effects (28)
 A - a wand of digging (16)
 B - a wand of clouds (13)
 G - a wand of disintegration (11)
 N - a wand of iceblast (23)
Scrolls
 c - 5 scrolls of immolation
 h - a scroll of silence
 j - 6 scrolls of teleportation
 l - 7 scrolls of noise
 s - 5 scrolls of amnesia
 t - 3 scrolls of enchant armour
 u - a scroll of magic mapping
 w - 9 scrolls of remove curse
 x - 5 scrolls of identify
 z - 4 scrolls of fear
 E - 2 scrolls of enchant weapon
 J - a scroll of blinking
 L - a scroll of fog
 Q - a scroll of vulnerability


   Skills:
 - Level 14.8 Fighting
 - Level 1.5 Dodging
 - Level 1.5 Stealth
 - Level 17.3 Spellcasting
 - Level 9.0 Conjurations
 + Level 3.8 Hexes
 + Level 9.2 Summonings
 - Level 0.7 Translocations
 - Level 3.3 Fire Magic
 - Level 9.0 Air Magic
 - Level 2.6 Poison Magic
 - Level 1.5 Evocations


You had 14 spell levels left.
You knew the following spells:

 Your Spells              Type           Power        Failure   Level  Hunger
a - Magic Dart            Conj           ####         1%          1    N/A
b - Call Imp              Summ           ######..     1%          2    N/A
c - Blink                 Tloc           N/A          8%          2    N/A
d - Conjure Flame         Conj/Fire      #####...     1%          3    N/A
e - Mephitic Cloud        Conj/Pois/Air  #####...     1%          3    N/A
f - Slow                  Hex            ####....     1%          2    N/A
g - Shock                 Conj/Air       ####         1%          1    N/A
h - Swiftness             Chrm/Air       #####...     1%          2    N/A
i - Lightning Bolt        Conj/Air       ######....   4%          5    N/A
j - Airstrike             Air            ######....   1%          4    N/A
k - Summon Lightning Spi  Summ/Air       ######..     1%          4    N/A
l - Summon Mana Viper     Hex/Summ       #####...     13%         5    N/A

Your spell library contained the following spells:

 Spells                   Type           Power        Failure   Level  Hunger
 Summon Butterflies       Summ           ######..     1%          1    N/A
 Summon Small Mammal      Summ           ####         1%          1    N/A
 Call Canine Familiar     Summ           ######..     1%          3    N/A
 Static Discharge         Conj/Air       ######..     1%          3    N/A
 Summon Guardian Golem    Hex/Summ       #####...     1%          3    N/A
 Confusing Touch          Hex            ####....     4%          3    N/A
 Summon Ice Beast         Ice/Summ       #####...     10%         4    N/A
 Gell's Gravitas          Tloc           ###.......   16%         3    N/A
 Irradiate                Conj/Tmut      #####.....   28%         5    N/A
 Petrify                  Tmut/Erth      ###.....     56%         4    N/A
 Metabolic Englaciation   Hex/Ice        ###.......   65%         5    N/A
 Yara's Violent Unravell  Hex/Tmut       ###.......   65%         5    N/A
 Summon Hydra             Summ           ######....   78%         7    N/A
 Hydra Form               Tmut           Unusable     N/A         6    N/A
 Statue Form              Tmut/Erth      Unusable     N/A         6    N/A
 Dragon Form              Tmut           Unusable     N/A         7    N/A

Dungeon Overview and Level Annotations

Branches:
Dungeon (15/15)            Temple (1/1) D:7            Lair (6/6) D:8
 Shoals (0/4) Lair:4       Spider (2/4) Lair:2        Slime (0/5) Lair:5
    Orc (2/2) D:12            Elf (0/3) Orc:2        Vaults (0/5) D:13
 Depths (0/5) D:15

Altars:
Ashenzari
Cheibriados
Dithmenos
Elyvilon
Fedhas
Gozag
Hepliaklqana
Kikubaaqudgha
Makhleb
Nemelex Xobeh
Okawaru
Qazlal
Ru
Sif Muna
Trog
Uskayaw
Vehumet
Wu Jian
Xom
Yredelemnul
Zin
The Shining One
Beogh
Jiyva

Shops:
D:5 =   D:6 *   D:7 !   D:15 *   Orc:1 =   Orc:2 [(}:

Annotations:
D:4 exclusion: downstairs
D:5 1 runed translucent door, Crazy Yiuf
D:6 Sigmund
D:9 2 transporters
D:11 1 runed translucent door, Luno's ghost, journeyman DDFi
Lair:5 1 runed translucent door


Innate Abilities, Weirdness & Mutations

You do not eat or drink.
Your flesh is vulnerable to fire.
You are immune to poison.
Your flesh is cold resistant. (rC+)
You are immune to negative energy. (rN+++)
You are immune to unholy pain and torment.
You can survive without breathing.
You are in touch with the powers of death.


Message History

The wolf spider goes berserk!
The wolf spider hits you!!
* * * LOW HITPOINT WARNING * * *
The wolf spider bites you.
* * * LOW HITPOINT WARNING * * *
The demonic crawler barely misses you. The demonic crawler closely misses you.
The demonic crawler hits you but does no damage.
The wolf spider becomes distracted by the nearby gold, dreaming of imaginary riches.
The wolf spider hisses angrily. [a] - 300 gold - flight, stabbing and invisibility [b] - 360 gold - resistance, might and stabbing [c] - 360 gold - invisibility and stabbing Purchase which effect?
You fade into invisibility!
You feel ready to backstab. The wolf spider barely misses you.
The wolf spider bites you but does no damage.
The moth of wrath bites you.
* * * LOW HITPOINT WARNING * * *
The wolf spider barely misses you. x2; The demonic crawler hits you!
You die...
Your body crumbles into a pile of gold.

...#.......#...#.......,,,,,,,*
#..##....#.....#.......,*,,,,**
.........#......^.....,>**,,**
.....................,,,,*****
.............#..##.#,,,,,,,,,**
....###......##....#,,*,,,,,,,*
..................^#,,*.,,,,,**
..###......^...s####....,,,******
..#.....!..###^.@y......,,,,,,*,*
..#.....#....##^ss.##...,,,,,,,,,
.##.....#...####....#,,,,*,,,,,,,
.^......#......###[##,,,,*,,,,,,,
#.##...#.........*##,,,,,**,,,,^*
.......#)........,,,^,,,,,*,,,,,*
....#..#.........,,,,,*,,,*,,,,,*
#..)#..#...(.....,,***,,,,*,,,,,,
#<#.#.%#.##......,,,,,,*,,*,,,,,,


You could see a demonic crawler, 2 wolf spiders and a moth of wrath.

Vanquished Creatures
  An entropy weaver (Spider:1)
  Josephine (D:14)
  A fire dragon (Lair:6)
  4 hydras
  A vault guard (D:12)
  15 two-headed ogres
  2 centaur warriors
  An ogre mage (D:15)
  7 death yaks
  A tengu warrior (D:13)
  3 orc high priests (Orc:2)
  A fire crab (D:15)
  3 unseen horrors
  2 wizards (D:14)
  An unseen horror (shapeshifter) (D:14)
  A swamp dragon (Lair:6)
  Pikel (D:4)
  2 wolf spider zombies
  3 deep elf magi
  7 wolf spiders
  5 cyclopes
  2 orc sorcerers
  8 ugly things
  10 orb spiders
  A manticore (D:15)
  7 elephants
  4 centaur zombies
  A naga mage (D:15)
  3 gargoyles
  Maurice (D:12)
  3 torpor snails
  2 rime drakes
  4 spiny frogs
  An efreet (D:11)
  2 centaur skeletons
  Maggie (D:8)
  3 kobold demonologists
  2 komodo dragons (Lair:6)
  3 demonic crawlers
  A freezing wraith (D:14)
  A tengu conjurer (D:14)
  A queen bee (Lair:3)
  10 jumping spiders
  A meliai (D:11)
  A merfolk (D:10)
  A polar bear (Lair:5)
  A wind drake (shapeshifter) (D:11)
  A harpy skeleton (D:15)
  9 trolls
  A meliai zombie (D:13)
  9 slime creatures
  11 blink frogs
  8 hippogriffs
  17 redbacks
  7 wraiths
  10 tarantellas
  3 vampires
  5 wyverns
  4 fire bats (Lair:2)
  6 vampire mosquitoes
  50 yaks
  A basilisk (Lair:6)
  3 hungry ghosts
  2 steam dragons (Lair:6)
  4 acid dragons
  3 wargs (Orc:1)
  13 porcupines
  2 swamp drakes (Lair:6)
  9 water moccasins
  3 black bears
  20 orc warriors
  A slave (D:4)
  5 ice beasts
  3 phantoms
  A sky beast (shapeshifter) (D:14)
  4 sky beasts
  15 ogres
  A necrophage (D:12)
  3 eyes of draining
  7 crocodiles
  17 centaurs
  5 big kobolds
  A nameless horror (Lair:4)
  A gnoll sergeant (D:12)
  12 bullfrogs
  Blork the orc (D:5)
  A wyvern zombie (D:12)
  A wyvern skeleton (D:13)
  5 scorpions
  26 killer bees
  4 wights
  4 electric eels
  5 crimson imps
  2 bullfrog zombies
  8 hounds
  A quasit (D:11)
  2 jellies
  20 orc priests
  3 bullfrog skeletons
  17 orc wizards
  10 iguanas
  12 worker ants
  A killer bee zombie (D:8)
  2 howler monkey zombies
  11 gnolls
  A worker ant zombie (D:7)
  9 adders
  3 howler monkey skeletons
  3 river rats (D:8)
  4 shadow imps
  12 white imps (Orc:2)
  2 adder zombies
  3 oozes
  3 worms (D:3)
  6 leopard geckos
  78 orcs
  3 giant cockroaches
  7 hobgoblins
  8 jackals
  6 quokkas
  3 ball pythons
  6 bats
  2 frilled lizards (D:3)
  5 goblins
  A jackal skeleton (D:7)
  17 kobolds
  2 quokka zombies
  8 rats
  A bush (D:11)
  A butterfly (D:7)
  A fungus (Lair:5)
746 creatures vanquished.

Vanquished Creatures (collateral kills)
  An orc warlord (Orc:1)
  Snorg (D:10)
  2 hydras
  2 death yaks
  An orc high priest (Orc:2)
  An orb spider (Spider:1)
  A cyclops (D:11)
  2 elephants (Lair:4)
  A spiny frog (Lair:2)
  A torpor snail (Lair:6)
  A black mamba (Lair:4)
  A demonic crawler (Spider:2)
  2 komodo dragons (Lair:6)
  2 trolls
  A jumping spider (Spider:1)
  2 slime creatures (D:13)
  7 redbacks
  A tarantella (Lair:2)
  Eustachio (D:6)
  14 yaks
  2 water moccasins
  3 orc warriors
  An ice beast (D:8)
  An ogre (D:12)
  3 big kobolds (D:12)
  2 bullfrogs
  3 gnoll sergeants (D:12)
  4 killer bees
  A centaur zombie (D:5)
  5 orc priests (Orc:2)
  3 orc wizards
  A gnoll shaman (D:4)
  7 gnolls
  An adder (D:3)
  An adder skeleton (D:7)
  3 worms
  7 orcs
  A kobold (D:2)
94 creatures vanquished.

Vanquished Creatures (others)
  A hungry ghost (D:13)
  A slave (D:5)
  A hound (D:11)
  A worker ant (D:11)
  A quokka (D:11)
  A jackal zombie (D:5)
  A bush (Lair:3)
  7 fungi
  10 plants
24 creatures vanquished.

Grand Total: 864 creatures vanquished

Notes
Turn   | Place    | Note
-------+----------+-------------------------------------------
     0 | D:1      | Brecoman the Mummy Wizard began the quest for the Orb.
     0 | D:1      | Reached XP level 1. HP: 13/13 MP: 5/5
   187 | D:1      | Reached skill level 1 in Conjurations
   406 | D:1      | Reached XP level 2. HP: 20/20 MP: 0/7
   621 | D:1      | Reached skill level 1 in Fighting
   931 | D:2      | Found a shattered altar of Ashenzari.
  1025 | D:2      | Found an ornate altar of the Wu Jian Council.
  1295 | D:2      | Reached XP level 3. HP: 24/26 MP: 3/9
  1350 | D:1      | Learned a level 2 spell: Call Imp
  1741 | D:2      | Found a white marble altar of Elyvilon.
  1744 | D:2      | Found an iron altar of Okawaru.
  1747 | D:2      | Found a glowing golden altar of the Shining One.
  1951 | D:2      | Reached skill level 1 in Summonings
  2247 | D:2      | Learned a level 2 spell: Blink
  2288 | D:3      | Reached XP level 4. HP: 30/33 MP: 3/10
  2365 | D:2      | Learned a level 3 spell: Conjure Flame
  2974 | D:3      | Reached skill level 5 in Spellcasting
  3204 | D:3      | Found a sacrificial altar of Ru.
  3695 | D:3      | Reached XP level 5. HP: 32/39 MP: 5/12
  4304 | D:3      | Reached skill level 1 in Fire Magic
  4482 | D:3      | Found a faded altar of an unknown god.
  5712 | D:4      | Reached XP level 6. HP: 41/47 MP: 8/14
  6005 | D:5      | Entered Level 5 of the Dungeon
  6111 | D:5      | Noticed a sky beast
  6249 | D:4      | Killed a sky beast
  6391 | D:5      | Found Ados's Jewellery Emporium.
  6616 | D:4      | Reached skill level 6 in Spellcasting
  6776 | D:5      | Noticed Pikel
  6776 | D:5      | Noticed a slave
  6776 | D:5      | Noticed a slave
  6776 | D:5      | Noticed a slave
  6776 | D:5      | Noticed a slave
  6791 | D:4      | Killed a slave
  7302 | D:5      | Noticed Blork the orc
  7318 | D:5      | Killed Blork the orc
  7318 | D:5      | Reached XP level 7. HP: 45/53 MP: 7/16
  7389 | D:4      | Killed Pikel
  7595 | D:5      | Reached XP level 8. HP: 56/61 MP: 1/18
  7702 | D:5      | Reached skill level 7 in Spellcasting
  7981 | D:4      | Learned a level 3 spell: Mephitic Cloud
  8255 | D:5      | Found a runed translucent door.
  8258 | D:5      | Noticed Crazy Yiuf
  9023 | D:6      | Reached skill level 5 in Fighting
  9023 | D:6      | Reached skill level 1 in Air Magic
  9023 | D:6      | Reached skill level 1 in Poison Magic
  9751 | D:6      | Noticed Sigmund
  9980 | D:6      | Found Eciy's General Store.
 10020 | D:6      | Noticed Eustachio
 10029 | D:6      | Killed Eustachio
 10733 | D:7      | Found Wedwar's Distillery.
 10776 | D:7      | Found a staircase to the Ecumenical Temple.
 10784 | D:7      | Reached skill level 8 in Spellcasting
 11069 | D:7      | Noticed a troll
 11097 | D:7      | Killed a troll
 11097 | D:7      | Reached XP level 9. HP: 63/69 MP: 3/21
 11139 | Temple   | Entered the Ecumenical Temple
 11339 | Temple   | Became a worshipper of Gozag Ym Sagoz the Greedy
 11511 | D:7      | Learned a level 2 spell: Slow
 12278 | D:8      | Noticed a two-headed ogre
 12801 | D:8      | Found a staircase to the Lair.
 12801 | D:8      | Noticed a death yak
 12947 | D:8      | Reached skill level 9 in Spellcasting
 13265 | D:8      | Killed a two-headed ogre
 13351 | D:8      | Reached skill level 10 in Spellcasting
 13542 | D:8      | Reached XP level 10. HP: 64/80 MP: 9/24
 14572 | D:7      | Reached skill level 11 in Spellcasting
 14762 | D:8      | Noticed a death yak
 14763 | D:8      | Noticed a death yak
 14766 | D:8      | Killed a death yak
 15171 | D:8      | Noticed Maggie
 15186 | D:8      | Killed Maggie
 15906 | D:8      | Reached skill level 12 in Spellcasting
 15912 | D:8      | Killed a death yak
 15912 | D:8      | Reached skill level 10 in Fighting
 16290 | D:8      | Killed a death yak
 16657 | D:9      | Found a transporter.
 16662 | D:9      | Found a transporter.
 16665 | D:9      | Identified the +8 great sword "Zuzao" {distort, MR++ SInv}
 16665 | D:9      | Noticed a skeletal warrior
 16799 | D:9      | Found a hide-covered altar of Uskayaw.
 16843 | D:8      | Reached XP level 11. HP: 78/91 MP: 27/27
 17090 | D:9      | Noticed a two-headed ogre
 17115 | D:9      | Killed a two-headed ogre
 17115 | D:9      | Reached skill level 1 in Evocations
 17743 | D:10     | Entered Level 10 of the Dungeon
 17765 | D:10     | Learned a level 1 spell: Shock
 17768 | D:10     | Learned a level 2 spell: Swiftness
 17774 | D:10     | Learned a level 5 spell: Lightning Bolt
 17814 | D:10     | Reached skill level 5 in Conjurations
 17986 | D:10     | Noticed a two-headed ogre
 17999 | D:10     | Killed a two-headed ogre
 18594 | D:10     | Noticed a two-headed ogre
 18608 | D:10     | Noticed Snorg
 18621 | D:10     | Killed a two-headed ogre
 18621 | D:10     | Reached skill level 13 in Spellcasting
 19138 | D:10     | Killed Snorg
 19474 | D:10     | Noticed a two-headed ogre
 19494 | D:10     | Killed a two-headed ogre
 21153 | D:11     | Noticed Luno's ghost (journeyman DDFi)
 21155 | D:11     | Found a runed translucent door.
 21157 | D:11     | Got a warped garnet amulet
 21166 | D:11     | Identified the amulet of Toanap {Acrobat Int-5 Dex+8} (You
                  | found it on level 11 of the Dungeon)
 21183 | D:11     | Noticed a brown ugly thing
 21212 | D:11     | Killed a brown ugly thing
 22178 | Lair:1   | Entered Level 1 of the Lair of Beasts
 22913 | D:8      | Reached XP level 12. HP: 59/100 MP: 19/29
 23219 | Lair:1   | Learned a level 4 spell: Airstrike
 23641 | Lair:1   | Noticed an eight-headed hydra
 23766 | Lair:1   | Noticed a seven-headed hydra
 23778 | Lair:1   | Killed a seven-headed hydra
 23778 | Lair:1   | Reached skill level 5 in Air Magic
 24088 | Lair:1   | Identified a scroll of acquirement
 24171 | Lair:1   | Killed an eight-headed hydra
 24171 | Lair:1   | Reached skill level 14 in Spellcasting
 25414 | Lair:1   | Acquired 2610 gold pieces
 25826 | Lair:2   | Found a hole to the Spider Nest.
 26643 | Lair:3   | Noticed a six-headed hydra
 26658 | Lair:3   | Killed a six-headed hydra
 29014 | Lair:4   | Found a staircase to the Shoals.
 29622 | Lair:4   | Noticed a death yak
 29631 | Lair:4   | Noticed a death yak
 29657 | Lair:4   | Learned a level 4 spell: Summon Lightning Spire
 29673 | Lair:4   | Noticed a death yak
 29674 | Lair:4   | Noticed a death yak
 29735 | Lair:4   | Killed a death yak
 29737 | Lair:4   | Killed a death yak
 30207 | Lair:4   | Gained mutation: You are in touch with the powers of death.
                  | [Mummy growth]
 30207 | Lair:4   | Reached XP level 13. HP: 72/109 MP: 21/31
 30669 | Lair:3   | Reached skill level 15 in Spellcasting
 32339 | Lair:5   | Found a runed translucent door.
 32339 | Lair:5   | Found a viscous altar of Jiyva.
 32339 | Lair:5   | Found a staircase to the Slime Pits.
 32339 | Lair:5   | Noticed an acid blob
 32782 | Lair:6   | Entered Level 6 of the Lair of Beasts
 35511 | Lair:4   | Reached skill level 5 in Summonings
 36994 | Lair:6   | Noticed a fire dragon
 37001 | Lair:6   | Killed a fire dragon
 38488 | D:11     | Identified the +9 hand axe of Xolipan {freeze, rC- MR+
                  | MP+9}
 38488 | D:11     | Identified the cursed ring "Reunocas" {rElec Str-4}
 38873 | D:11     | Reached XP level 14. HP: 116/116 MP: 8/33
 39572 | D:11     | Got an ancient leather armour
 39573 | D:11     | Identified the +2 leather armour "Toroovet" {MP+9} (You
                  | found it on level 11 of the Dungeon)
 41145 | D:12     | Found a white marble altar of Elyvilon.
 41145 | D:12     | You fall into a shaft and drop 3 floors!
 41145 | D:15     | Entered Level 15 of the Dungeon
 42266 | D:14     | Noticed Josephine
 42274 | D:14     | Killed Josephine
 42457 | D:13     | Reached skill level 16 in Spellcasting
 42472 | D:13     | Noticed Maurice
 43236 | D:12     | Found a staircase to the Orcish Mines.
 44545 | D:12     | Killed Maurice
 44948 | D:13     | Found a glowing silver altar of Zin.
 46121 | D:13     | Found a gate to the Vaults.
 47107 | D:14     | Reached XP level 15. HP: 121/125 MP: 19/35
 49047 | D:15     | Found Ivejao's General Store.
 49413 | D:15     | Found a staircase to the Depths.
 49775 | Orc:1    | Entered Level 1 of the Orcish Mines
 49781 | Orc:1    | Found a roughly hewn altar of Beogh.
 49787 | Orc:1    | Found Ykawost's Jewellery Boutique.
 50328 | Orc:2    | Entered Level 2 of the Orcish Mines
 50328 | Orc:2    | Found a frozen archway.
 50458 | Orc:2    | Noticed an orc warlord
 50615 | Orc:1    | Killed an orc warlord
 50615 | Orc:1    | Reached skill level 17 in Spellcasting
 52448 | Orc:2    | Found Taiqeh's Weapon Boutique.
 52448 | Orc:2    | Found Xorav's Book Shop.
 52448 | Orc:2    | Found Rimmi's Gadget Shop.
 52451 | Orc:2    | Found Bohu Sip's Armour Boutique.
 52571 | Orc:2    | Found a staircase to the Elven Halls.
 53061 | Orc:2    | Bought a book of Beasts for 880 gold pieces
 53067 | Orc:2    | Learned a level 5 spell: Summon Mana Viper
 53294 | Spider:1 | Entered Level 1 of the Spider Nest
 53567 | Lair:2   | Reached skill level 1 in Hexes
 54163 | Spider:1 | You fall into a shaft and drop 1 floor!
 57613 | Spider:2 | HP: 6/127 [wolf spider (4)]
 57614 | Spider:2 | Slain by a demonic crawler

Illustrated notes

Levels and vault maps discovered:
D:1:      tarquinn_simple_flora_water_b, layout_rooms
D:2:      layout_loops_cross, lemuel_coloured_pillars_altar,
          grunt_temple_overflow_diamond, ashenzari_altar_1
D:3:      layout_basic, chequers_ecumenical_altar_grove, grunt_decor_cap,
          nicolae_ru_path_of_blood
D:4:      layout_loops_ring, first_ration, hangedman_decor_push
D:5:      layout_cave_pools, serial_shops, shop, water_boxes_lemuel, uniq_pikel,
          uniq_crazy_yiuf_cottage, uniq_blork_the_orc
D:6:      layout_basic, serial_shops, shop, uniq_eustachio, uniq_sigmund
D:7:      layout_basic, minmay_temple_entry_butterflies, serial_shops, shop,
          patterned_corridor
D:8:      argonaut_augean_stables, layout_basic, dpeg_lair_monsters,
          serial_glass, glass_columns_a, glass_columns_a, uniq_maggie
D:9:      layout_cave_pools, eat_drink_and_be_merry_uskayaw,
          gammafunk_ghost_abyssal_escape
D:10:     layout_stronghold, hangedman_fish_farm, uniq_snorg
D:11:     minmay_the_grid_octo_tiled_octocenter_mashed [minmay_the_grid_octo_77,
          minmay_the_grid_octo_fan_narrow, minmay_the_grid_octo_concentric,
          minmay_the_grid_octo_focus, minmay_the_grid_octo_prize_single_spiral,
          minmay_the_grid_square_5x5_fat_x, minmay_the_grid_square_5x5_slash,
          minmay_the_grid_square_5x5_lines,
          minmay_the_grid_square_5x5_tri_point], layout_loops_ring,
          hellmonk_ghost_happy_afterlife, kb_lookout_dungeons_type,
          minmay_misc_feat_more_columns
D:12:     minmay_angry_zag, layout_rooms,
          kennysheep_orc_monster_closet_entryway, basic_altar
D:13:     layout_layer_cave, david_vaults_5, basic_altar, uniq_maurice
D:14:     layout_layer_cave, roderic_lattice_octagonal_star,
          grunt_decor_one_mirror, uniq_josephine
D:15:     grunt_enter_depths_magical_seal, layout_cave_pools, serial_shops,
          nicolae_shop_waterfront, amethyst_killhole, grunt_decor_fettered
Temple:   minmay_temple_bridge_d
Lair:1:   layout_regular_city
Lair:2:   layout_gridlike, spider_nest_entry_a
Lair:3:   layout_roguey [special_room_bee]
Lair:4:   layout_regular_city, elwin_shoals_entry_rocks,
          chequers_serial_rivers_large_a, small_statue_intersection,
          st_stairs_10
Lair:5:   layout_roguey, slime_altar_2
Lair:6:   guppyfry_lair_end_dragon, layout_long_grid, gammafunk_lair_bear_cave
Spider:1: layout_spider_delve
Spider:2: layout_spider_delve
Orc:1:    layout_caves, basic_altar, serial_shops, shop, nicolae_orc_lava_room
Orc:2:    st_orc_mages, layout_caves, portal_ice_cave_entry_imps

Skill      XL: |  1  2  3  4  5  6  7  8  9 10 11 12 13 14 15 |
---------------+----------------------------------------------+-----
Conjurations   | 1 2 3 4 6 7 8 9 |  9.0
Fighting       | 1 2 3 4 5 8 10 11 12 13 14 | 14.8
Summonings     | 1 6 7 9 |  9.2
Spellcasting   | 5 6 8 10 12 13 14 15 16 17 | 17.3
Fire Magic     | 1 2 3 |  3.3
Air Magic      | 2 4 6 8 9 |  9.0
Poison Magic   | 2 |  2.6
Evocations     | 1 |  1.5
Hexes          | 3 |  3.8
Dodging        | |  1.5
Stealth        | |  1.5
Translocations | |  0.7

Action                   |  1- 3 |  4- 6 |  7- 9 | 10-12 | 13-15 || total
-------------------------+-------+-------+-------+-------+-------++-------
Melee: Unarmed           |     5 |       |       |       |       ||     5
       Dagger            |     3 |       |       |       |       ||     3
       Falchion          |       |    15 |       |       |       ||    15
       Whip              |       |    66 |   119 |   514 |   483 ||  1182
 Cast: Magic Dart        |    87 |   184 |   265 |   677 |   458 ||  1671
       Call Imp          |     5 |    44 |    35 |    38 |    27 ||   149
       Blink             |       |     3 |     2 |    20 |     4 ||    29
       Conjure Flame     |       |     1 |    16 |    99 |    10 ||   126
       Mephitic Cloud    |       |       |     8 |    60 |    23 ||    91
       Shock             |       |       |       |    12 |     2 ||    14
       Airstrike         |       |       |       |     5 |   784 ||   789
       Summon Lightning  |       |       |       |     2 |    43 ||    45
       Lightning Bolt    |       |       |       |       |    72 ||    72
       Swiftness         |       |       |       |       |     1 ||     1
       Summon Mana Viper |       |       |       |       |     3 ||     3
Invok: Potion Petition   |       |       |       |     2 |    10 ||    12
Evoke: Wand              |       |     2 |       |     1 |     2 ||     5
  Use: Scroll            |       |    12 |     1 |     8 |    16 ||    37
 Stab: Sleeping          |       |     1 |       |     4 |       ||     5
       Confused          |       |       |     1 |     5 |     7 ||    13
       Distracted        |       |       |       |     1 |     4 ||     5
Armor: Robe              |     6 |     2 |    29 |     6 |       ||    43
       Leather armour    |       |    16 |    44 |       |       ||    60
       Steam dragon scal |       |       |       |    78 |       ||    78
       Quicksilver drago |       |       |       |   371 |   793 ||  1164
Dodge: Dodged            |    37 |    87 |   139 |   470 |   742 ||  1475
       Repelled          |       |       |       |       |     6 ||     6
       Rpst.: Falchion   |       |     2 |       |       |       ||     2
